Map: Derelict Watcher TE

Players

Erfeyah - Winner!

  • Race: Terran Terran
  • Spawn Location: 1:00

A.I. 1 (Very Easy)

  • Race: Protoss Protoss
  • Spawn Location: 7:00

VOD

Have the link to the VOD?

Description

Time

  • Played on: Nov. 28, 2017, 9:09 a.m.
  • Length: 19:06
Show
View Real Time Build Order
Export as new Build Order

Erfeyah Terran - Winner!

Build Orders:  

Get SALT Encoding   

  12  0:04  SCV  
  13  0:18  SCV  
  14  0:36  Supply Depot  
  14  0:37  SCV  
  15  0:52  Supply Depot  
  15  0:58  SCV  
  16  1:08  Barracks  
  16  1:10  SCV  
  17  1:22  SCV  
  18  1:34  SCV  
  19  1:46  SCV  
  20  1:47  Refinery  
  20  1:54  Marine  
  20  1:58  SCV  
  22  2:11  SCV  
  22  2:12  Marine  
  24  2:24  SCV  
  25  2:30  Marine  
  25  2:36  SCV  
  27  2:48  Marine  
  27  2:50  SCV  
  29  2:53  Barracks  
  29  3:02  SCV  
  30  3:05  Marine  
  31  3:14  Factory  
  31  3:32  Supply Depot  
  31  3:53  Marine  
  31  3:54  SCV  
  33  3:55  Supply Depot  
  33  4:06  SCV  
  34  4:11  Marine  
  35  4:18  SCV, Supply Depot  
  36  4:26  Command Center  
  36  4:29  Marine  
  36  4:30  SCV  
  38  4:42  SCV, Supply Depot  
  39  4:47  Marine  
  40  4:54  SCV  
  41  5:00  Marine  
  41  5:05  Supply Depot, Marine  
  41  5:06  SCV  
  44  5:17  Marine  
  44  5:18  SCV  
  46  5:23  Marine  
  47  5:31  SCV  
  48  5:35  Marine  
  48  5:40  Marine  
  50  5:43  SCV, Barracks  
  51  5:53  Marine  
  51  5:55  SCV  
  53  5:58  Marine  
  54  6:22  SCV  
  54  6:23  SCV, Marine x2  
  58  6:34  SCV  
  58  6:35  SCV  
  60  6:41  Marine x2  
  62  6:53  SCV x2, Marine  
  65  6:59  Marine x2  
  67  7:05  SCV x2  
  69  7:11  Marine  
  70  7:16  Starport  
  70  7:17  SCV  
  70  7:21  Starport  
  71  7:26  Starport  
  71  7:38  SCV x2  
  71  7:39  Marine x3  
  76  7:46  Command Center  
  76  7:50  SCV x2  
  78  7:54  Medivac  
  78  7:57  Marine x3  
  83  8:02  SCV x2  
  85  8:08  Supply Depot  
  85  8:14  SCV  
  86  8:29  Supply Depot, Marine x3  
  86  8:30  SCV, Medivac  
  86  8:31  Supply Depot  
  92  8:52  Supply Depot  
  92  8:54  Supply Depot  
  92  8:55  SCV x2  
  94  8:57  Marine x3  
  94  8:59  Medivac x2  
  94  9:00  Medivac  
  103  9:07  SCV x2  
  105  9:14  Marine  
  105  9:15  Marine, Supply Depot  
  107  9:17  Supply Depot  
  107  9:22  Refinery  
  107  9:29  Medivac  
  109  9:34  Marine x3  
  112  9:38  Supply Depot  
  112  9:39  Viking  
  112  9:40  Supply Depot  
  112  9:44  SCV x2  
  116  9:51  Marine  
  116  9:52  Marine x2  
  119  9:56  SCV x2  
  121  10:02  Supply Depot  
  121  10:03  Supply Depot  
  121  10:08  SCV x2  
  121  10:09  Marine x2  
  121  10:10  Marine  
  121  10:12  Refinery  
  126  10:20  SCV x2  
  128  10:27  Marine x3  
  131  10:32  SCV  
  131  10:33  SCV  
  133  10:36  Supply Depot  
  133  10:40  Medivac x2  
  137  10:44  SCV, Viking  
  137  10:45  SCV, Marine x3  
  144  10:57  SCV x2  
  145  10:59  Supply Depot  
  145  11:03  Marine x3  
  149  11:09  SCV  
  149  11:10  Viking x2  
  154  11:20  Marine  
  154  11:21  Marine x2, Supply Depot  
  157  11:35  Medivac  
  157  11:38  Marine x2  
  157  11:39  Marine  
  162  11:40  Medivac, Viking  
  162  11:46  Supply Depot  
  165  11:56  Marine x3  
  168  12:05  Viking  
  170  12:57  Marine x2  
  170  12:58  Marine  
  173  13:00  Viking x3  
  179  13:08  SCV  
  179  13:09  SCV  
  181  13:15  Marine x3  
  184  13:21  SCV x2  
  186  13:30  Viking x3  
  186  13:33  Marine x2  
  194  13:56  SCV  
  194  13:57  SCV, Marine x2  
  194  13:58  Marine  
  199  14:15  Marine  
Show
View Real Time Build Order
Export as new Build Order

A.I. 1 (Very Easy) Protoss 

Build Orders:  

Get SALT Encoding   

  12  0:00  Probe  
  13  0:13  Probe  
  14  0:20  Pylon  
  14  0:36  Assimilator  
  14  0:43  Gateway  
  14  0:46  Pylon  
  14  1:13  Assimilator  
  14  1:20  Probe  
  15  1:32  Probe  
  16  1:33  Cybernetics Core  
  16  1:44  Probe  
  17  1:56  Probe  
  18  2:08  Probe  
  18  2:10  Stalker, Warp Gate  
  21  2:20  Probe  
  22  5:41  Zealot  
  24  5:43  Probe  
  24  5:44  Pylon  
  24  5:47  Robotics Facility  
  25  5:55  Probe  
  26  6:07  Probe  
  25  6:19  Probe  
  25  6:22  Pylon  
  26  6:31  Probe  
  27  6:35  Zealot  
  27  6:37  Observer  
  30  6:58  Observer  
  31  7:15  Nexus  
  31  7:29  Stalker  
  33  8:28  Probe  
  34  8:35  Probe  
  34  8:36  Assimilator  
  34  8:38  Assimilator  
  35  8:42  Probe  
  36  8:49  Probe  
  37  8:56  Probe  
  38  9:03  Probe  
  39  9:11  Probe  
  40  9:18  Probe  
  41  9:25  Probe  
  42  9:32  Probe  
  43  9:39  Probe  
  44  9:47  Probe  
  45  9:54  Probe  
  46  10:01  Probe  
  47  10:08  Probe  
  48  11:06  Warp Prism  
  48  11:09  Gateway  
  48  11:10  Robotics Bay  
  50  11:13  Stargate  
  50  11:17  Pylon  
  50  11:42  Warp Prism  
  52  11:53  Stalker  
  50  11:57  Observer Gravitic Boosters  
  50  11:59  Gateway  
  48  12:18  Observer  
  48  12:22  Zealot  
  51  12:50  Zealot  
  53  12:54  Gravitic Drive  
  53  13:19  Void Ray  
  57  14:39  Nexus  
  57  14:48  Void Ray  
  50  14:53  Pylon  
  49  15:04  Probe  
  26  15:17  Probe, Stalker  
  29  15:24  Pylon  
  27  15:29  Probe  
  24  15:41  Probe  
  17  15:54  Probe  
  4  16:06  Probe  
Tags
 
Add a new tag
Caveats
  • Supply blocks, unpowered buildings, or Contaminate may cause inaccurate times.
  • Supply counts are checked every 10 seconds.